 Dungeon Crawl Stone Soup version 0.18-a0-987-g0b0e4e7 (webtiles) character file.

3240 JokEr the Basher (level 9, -4/90 HPs)
             Began as a Minotaur Berserker on Jan 3, 2016.
             Was an Elder of Trog.
             Slain by a killer bee (8 damage)
             ... on level 7 of the Dungeon.
             The game lasted 00:14:41 (5800 turns).

JokEr the Basher (Minotaur Berserker)               Turns: 5800, Time: 00:14:42

Health: -4/90      AC:  5    Str: 24    XL:     9   Next: 67%
Magic:  8/8        EV: 12    Int:  4    God:    Trog [****..]
Gold:   230        SH:  0    Dex: 11    Spells: 0 memorised, 8 levels left

rFire  . . .     SeeInvis .     a - +0 mace
rCold  . . .     Gourm    .     b - +0 animal skin
rNeg   . . .     Faith    .     (no shield)
rPois  .         Spirit   .     (helmet restricted)
rElec  .         Dismiss  .     (no cloak)
rCorr  .         Reflect  .     (no gloves)
SustAt .         Harm     .     r - +2 pair of boots
MR     ++...                    (no amulet)
Stlth  +.........               (no ring)
                                (no ring)

@: lethally poisoned (-4 -> -10), regenerating, very resistant to hostile
enchantments, very unstealthy
A: retaliatory headbutt, horns 2
a: Berserk, Trog's Hand, Brothers in Arms, Burn Spellbooks, Renounce Religion


You were on level 7 of the Dungeon.
You worshipped Trog.
Trog was greatly pleased with you.
You were not hungry.

You visited 1 branch of the dungeon, and saw 6 of its levels.
You also visited: Sewer.

You collected 230 gold pieces.

Inventory:

Hand Weapons
 a - a +0 mace (weapon)
Armour
 b - a +0 animal skin (worn)
 r - a +2 pair of boots (worn)
Jewellery
 e - an uncursed ring of sustain attributes {unknown}
 t - an uncursed amulet of the gourmand {unknown}
Wands
 k - a wand of cold (8/15)
 q - a wand of cold (6/15)
 v - a wand of draining (7/15)
Scrolls
 d - a scroll of blinking
 n - a scroll of remove curse
 o - a scroll of teleportation
 p - 4 scrolls of identify
 s - 3 scrolls of magic mapping {unknown}
 u - a scroll of enchant weapon {unknown}
Potions
 f - 2 potions of haste
 j - 4 potions of flight
 m - a potion of lignification
Books
 g - a book of Frost

   Spells                             Type                      Level
   a - Freeze                         Ice                          1
   b - Throw Frost                    Conjuration/Ice              2
   c - Ozocubu's Armour               Charms/Ice                   3
   d - Throw Icicle                   Conjuration/Ice              4
   e - Summon Ice Beast               Ice/Summoning                4
   f - Condensation Shield            Ice                          4
   Trog disapproves of the use of such an item.
Comestibles
 c - a bread ration
 h - a meat ration


   Skills:
 + Level 11.8 Fighting
 + Level 11.9 Maces & Flails
 - Level 2.4 Armour
 - Level 2.1 Dodging


You had 8 spell levels left.
You didn't know any spells.

Dungeon Overview and Level Annotations

Branches:
Dungeon (8/15)
 Temple: D:4-7         Lair: D:8-11

Altars:
Cheibriados
Dithmenos
Kikubaaqudgha
Makhleb
Okawaru
Sif Muna
Xom
The Shining One

Shops:
D:4 [%(%


Innate Abilities, Weirdness & Mutations

You reflexively headbutt those who attack you in melee.
You have a pair of horns on your head.


Message History

The killer bee closely misses you. You furiously retaliate!
You headbutt the killer bee!
Drink which item? (? for menu, Esc to quit)
Okay, then.
Your skin crawls.
You feel resistant to hostile enchantments.
You feel slightly more hungry.
You feel sick. The killer bee stings you.
* * * LOW HITPOINT WARNING * * *
You are more poisoned.
The killer bee poisons you! The killer bee stings you.
* * * LOW HITPOINT WARNING * * *
The killer bee closely misses you. The killer bee stings you!
* * * LOW HITPOINT WARNING * * *
You completely miss the killer bee.
The killer bee is almost dead.
* * * LOW HITPOINT WARNING * * *
You feel very sick.
The killer bee stings you but does no damage. x2
The killer bee closely misses you. The killer bee stings you!
You die...

#..## ##.......## #
##...####.........####
#.......'.........'...
######...####.........###.
#........# ##.......###)#
#.###....# ##.....###.##
#........#######...## ##.#
#..##.##........#+## ##.
#..##.##.@#####.#.# ##
#.......yy#####.#.### #
##.##...............#
#.#####..###†#.....#
#.#####..# #.#.....#
#........###.#.....######
########.......#.........
#####.......######
#########


You could see 2 killer bees.

Vanquished Creatures
  The ghost of gorblad the Fighter, a novice HOBe of Trog (D:7)
  Joseph (D:7)
  Sigmund (D:2)
  A wraith (D:7)
  2 hungry ghosts
  2 ice beasts (D:7)
  A phantom (D:7)
  A black bear (D:8)
  A necrophage (D:7)
  A centaur (D:7)
  A big kobold (Sewer)
  A giant frog (D:7)
  A troll zombie (D:7)
  2 scorpions
  2 killer bees (D:8)
  A wight (D:7)
  A troll skeleton (D:7)
  A crimson imp (D:7)
  2 hounds
  An orc priest (D:3)
  A human skeleton (D:7)
  3 human zombies (D:7)
  A gnoll shaman (D:4)
  2 worker ants
  Natasha (thrice) (D:2)
  4 orc wizards
  2 mummies (D:7)
  13 gnolls
  4 river rats (Sewer)
  3 adders
  A worm (D:3)
  A giant gecko (D:3)
  10 orcs
  5 ball pythons
  5 goblins (D:2)
  8 hobgoblins
  8 jackals
  8 kobolds
  2 quokkas
  8 bats
  5 giant newts
  An orc zombie (D:7)
  9 rats
132 creatures vanquished.

Notes
Turn   | Place    | Note
--------------------------------------------------------------
     0 | D:1      | JokEr the Minotaur Berserker began the quest for the Orb.
     0 | D:1      | Reached XP level 1. HP: 19/19 MP: 0/0
   167 | D:1      | Reached skill level 4 in Fighting
   267 | D:1      | Reached XP level 2. HP: 13/27 MP: 1/1
   790 | D:2      | Reached XP level 3. HP: 31/34 MP: 2/2
   900 | D:2      | Reached ** piety under Trog
   947 | D:2      | Noticed Natasha
   956 | D:2      | Killed Natasha
   956 | D:2      | Reached skill level 5 in Fighting
   956 | D:2      | Reached XP level 4. HP: 42/42 MP: 3/3
  1003 | D:2      | Noticed Natasha
  1007 | D:2      | Killed Natasha
  1007 | D:2      | Reached skill level 5 in Maces & Flails
  1015 | D:2      | Noticed Sigmund
  1024 | D:2      | Killed Sigmund
  1024 | D:2      | Reached skill level 6 in Fighting
  1024 | D:2      | Reached XP level 5. HP: 32/51 MP: 4/4
  1024 | D:2      | Reached XP level 6. HP: 36/58 MP: 5/5
  1142 | D:2      | Noticed Natasha
  1154 | D:2      | Killed Natasha
  1416 | D:2      | Found an iron altar of Okawaru.
  1417 | D:2      | Found a burning altar of Makhleb.
  1680 | D:3      | Reached *** piety under Trog
  1877 | D:3      | Found a glowing drain.
  1882 | Sewer    | Entered a sewer
  2142 | Sewer    | Reached skill level 7 in Fighting
  2208 | Sewer    | Found a white marble altar of Elyvilon.
  2522 | D:3      | Found a deep blue altar of Sif Muna.
  2524 | D:3      | Found a snail-covered altar of Cheibriados.
  2573 | D:3      | Reached XP level 7. HP: 66/66 MP: 6/6
  2650 | D:4      | Found Jozesk's Food Shop.
  2721 | D:4      | Reached **** piety under Trog
  2806 | D:4      | Found Muj Obru's Antique Weapon Shop.
  2858 | D:4      | Found Plog's Armour Shoppe.
  2897 | D:4      | Found Uvup's Food Boutique.
  2982 | D:4      | HP: 3/67 [gnoll/halberd (3)]
  3058 | D:4      | Reached skill level 8 in Fighting
  3517 | D:4      | You fall through a shaft for 3 floors!
  3518 | D:7      | Found a shimmering altar of Xom.
  3618 | D:7      | Noticed gorblad's ghost (novice HOBe)
  3632 | D:7      | HP: 1/102 [gorblad's ghost (19)]
  3637 | D:7      | Killed gorblad's ghost
  3637 | D:7      | Reached skill level 9 in Fighting
  3637 | D:7      | Reached XP level 8. HP: 4/78 MP: 7/7
  4436 | D:7      | Reached skill level 10 in Fighting
  4436 | D:7      | Reached skill level 10 in Maces & Flails
  4558 | D:7      | Found an ancient bone altar of Kikubaaqudgha.
  4736 | D:7      | Reached XP level 9. HP: 45/86 MP: 8/8
  5082 | D:7      | Found a shadowy altar of Dithmenos.
  5165 | D:7      | Noticed Joseph
  5171 | D:7      | Killed Joseph
  5171 | D:7      | Reached skill level 11 in Fighting
  5570 | D:8      | Found a glowing golden altar of the Shining One.
  5775 | D:8      | Noticed a queen bee
  5800 | D:7      | HP: 4/90 [poisoned by a killer bee]
  5800 | D:7      | Slain by a killer bee

Vault maps used:
D:1:      zaba_arrival_water
D:2:      gammafunk_temple_overflow_statue, uniq_natasha, uniq_sigmund
D:3:      nicolae_overflow_hidden_temple, lightli_sewer_entry_pipes
D:4:      first_bread, serial_shops, kennysheep_mini_moat, shop_statue,
          shop_statue, shop, enter_ossuary_2
D:7:      lemuel_mausoleum_altar_kikubaaqudgha, grunt_dithmenos_smoke,
          basic_altar, uniq_joseph
D:8:      nicolae_qazlal_general_emergency, basic_altar, david_nohive_1
Sewer:    sewer_kobolds

Action                   |  1- 3 |  4- 6 |  7- 9 || total
-------------------------+-------+-------+-------++-------
Melee: Mace              |    53 |   135 |   236 ||   424
Invok: Berserk           |     2 |     2 |     5 ||     9
       Trog's Hand       |       |       |     2 ||     2
  Use: Scroll            |     5 |       |     5 ||    10
       Potion            |       |       |     3 ||     3
 Stab: Sleeping          |       |     1 |       ||     1
  Eat: Chunk             |     1 |     9 |     6 ||    16
       Meat ration       |       |       |     1 ||     1
       Fruit             |       |       |     6 ||     6
       Beef jerky        |       |       |     4 ||     4
       Bread ration      |       |       |     1 ||     1
